[ AOE2 MATCH · #505116946 ]
UnrankedCumans vs Khmer
Player's team · LOSS
[ REPLAY ANALYSIS · EXTRACTED FROM THE RECORDED GAME ]
Feudal
13:29
Castle
26:32
Imperial
—
| APM avg | 25.4 |
| APM peak | 55 |
| eAPM avg | 16.8 |
| Villagers / military | 122 / 82 |
Focus
⚔️ 30.2% · 🌾 69.8%
Camel Scout ×66 · Steppe Lancer ×7 · Knight ×4 · Spearman ×3 · Battering Ram ×2
Feudal
13:17
Castle
17:35
Imperial
—
| APM avg | 29.3 |
| APM peak | 74 |
| eAPM avg | 15.3 |
| Villagers / military | 98 / 72 |
Focus
⚔️ 28.3% · 🌾 71.7%
Knight ×64 · Battering Ram ×5 · Scout Cavalry ×3
Feudal
14:22
Castle
20:18
Imperial
—
| APM avg | 55.2 |
| APM peak | 109 |
| eAPM avg | 20.7 |
| Villagers / military | 136 / 37 |
Focus
⚔️ 25.0% · 🌾 75.0%
Conquistador ×34 · Scorpion ×3
Feudal
13:11
Castle
25:14
Imperial
—
| APM avg | 18.2 |
| APM peak | 51 |
| eAPM avg | 12.1 |
| Villagers / military | 122 / 63 |
Focus
⚔️ 28.9% · 🌾 71.1%
Knight ×37 · Skirmisher ×14 · Scout Cavalry ×12
Feudal
14:08
Castle
21:44
Imperial
—
| APM avg | 33.8 |
| APM peak | 73 |
| eAPM avg | 17.5 |
| Villagers / military | 87 / 64 |
Focus
⚔️ 23.7% · 🌾 76.3%
Camel Scout ×59 · Spearman ×3 · Monk ×1 · Knight ×1
Feudal
12:05
Castle
25:17
Imperial
—
| APM avg | 49.2 |
| APM peak | 113 |
| eAPM avg | 18.4 |
| Villagers / military | 115 / 62 |
Focus
⚔️ 21.2% · 🌾 78.8%
Knight ×42 · Scout Cavalry ×20
Feudal
11:28
Castle
24:11
Imperial
—
| APM avg | 43.6 |
| APM peak | 84 |
| eAPM avg | 21.2 |
| Villagers / military | 90 / 50 |
Focus
⚔️ 34.9% · 🌾 65.1%
Archer ×17 · Knight ×13 · Iron Pagoda ×10 · Chu Ko Nu ×9 · Scorpion ×1
Feudal
13:07
Castle
17:01
Imperial
—
| APM avg | 40.6 |
| APM peak | 76 |
| eAPM avg | 24.7 |
| Villagers / military | 154 / 93 |
Focus
⚔️ 39.1% · 🌾 60.9%
Fire Lancer ×77 · Iron Pagoda ×8 · Battering Ram ×6 · Scorpion ×2
Match map
Initial resources + every placement click. Lines = walls · curves = elevation contours. ◆ gold · ⬟ stone · ● berries · ✦ relic · ◌ wall gap
Your base· Open — unwalled flank
ShapeOfMyHeart's base· Open — unwalled flank
CTM | IKARO's base· Open — unwalled flank
Gericault667's base· Open — 9t gap
Tamy Chan's base· Open — unwalled flank
CTM | KLIN's base· Open — unwalled flank
Bet0's base· Open — unwalled flank
CTM | Lelouch jugando borracho's base· Open — unwalled flank
Smoothed initial terrain · ◌ = detected wall gap · hover for details
Inputs per minute
— CTM | Crawly94 - - ShapeOfMyHeart
Build order — CTM | Crawly94
First 150 of 333 actions detected
| 0:40 | Build | Town Center |
| 1:56 | Build | House |
| 1:58 | Build | House |
| 2:43 | Build | House |
| 2:58 | Queue | Villager (Male) |
| 2:58 | Queue | Villager (Male) |
| 2:59 | Queue | Villager (Male) |
| 3:04 | Research | Loom |
| 3:04 | Queue | Villager (Male) |
| 3:04 | Queue | Villager (Male) |
| 3:21 | Queue | Villager (Male) |
| 3:22 | Queue | Villager (Male) |
| 5:04 | Queue | Villager (Male) |
| 5:04 | Queue | Villager (Male) |
| 5:05 | Queue | Villager (Male) |
| 5:35 | Build | Lumber Camp |
| 6:14 | Queue | Villager (Male) |
| 6:14 | Queue | Villager (Male) |
| 6:14 | Queue | Villager (Male) |
| 6:55 | Build | House |
| 7:13 | Queue | Villager (Male) |
| 7:36 | Build | House |
| 7:52 | Queue | Villager (Male) |
| 8:11 | Build | House |
| 8:13 | Queue | Villager (Male) |
| 8:27 | Queue | Villager (Male) |
| 8:41 | Build | House |
| 8:48 | Build | Palisade Wall |
| 8:51 | Build | Palisade Wall |
| 8:53 | Queue | Villager (Male) |
| 9:04 | Queue | Villager (Male) |
| 9:29 | Queue | Villager (Male) |
| 10:29 | Queue | Villager (Male) |
| 10:45 | Build | Mill |
| 10:50 | Queue | Villager (Male) |
| 11:11 | Research | Feudal Age |
| 11:12 | Research | Feudal Age |
| 11:42 | Build | Palisade Wall |
| 12:03 | Build | Palisade Wall |
| 12:07 | Queue | Villager (Male) |
| 12:07 | Queue | Villager (Male) |
| 12:25 | Build | Palisade Wall |
| 12:40 | Build | House |
| 12:42 | Build | House |
| 12:55 | Build | Palisade Wall |
| 13:29 | Age | Feudal Age |
| 13:49 | Build | Town Center |
| 14:14 | Queue | Villager (Male) |
| 14:39 | Queue | Villager (Male) |
| 14:40 | Queue | Villager (Male) |
| 15:07 | Build | House |
| 15:17 | Queue | Villager (Male) |
| 15:17 | Queue | Villager (Male) |
| 15:23 | Build | Palisade Wall |
| 15:27 | Build | Palisade Wall |
| 15:32 | Queue | Villager (Male) |
| 15:32 | Queue | Villager (Male) |
| 15:33 | Queue | Villager (Male) |
| 15:46 | Queue | Villager (Male) |
| 15:53 | Research | Double-Bit Axe |
| 16:02 | Build | Palisade Gate |
| 16:06 | Build | House |
| 16:08 | Build | House |
| 16:13 | Build | Palisade Wall |
| 16:20 | Queue | Villager (Male) |
| 16:40 | Queue | Villager (Male) |
| 16:40 | Queue | Villager (Male) |
| 16:45 | Build | Farm |
| 16:45 | Build | Farm |
| 16:47 | Build | Farm |
| 16:50 | Build | Farm |
| 16:51 | Queue | Villager (Male) |
| 16:51 | Queue | Villager (Male) |
| 17:14 | Build | Barracks |
| 17:30 | Build | Farm |
| 17:32 | Build | Farm |
| 17:34 | Queue | Villager (Male) |
| 17:34 | Queue | Villager (Male) |
| 17:34 | Queue | Villager (Male) |
| 17:34 | Queue | Villager (Male) |
| 17:37 | Research | Town Watch |
| 17:46 | Build | Farm |
| 17:48 | Build | Farm |
| 18:00 | Queue | Villager (Male) |
| 18:00 | Queue | Villager (Male) |
| 18:17 | Build | Stable |
| 18:26 | Build | Market |
| 18:27 | Queue | Villager (Male) |
| 18:28 | Queue | Villager (Male) |
| 18:35 | Queue | Villager (Male) |
| 18:36 | Queue | Villager (Male) |
| 18:47 | Queue | Villager (Male) |
| 18:53 | Build | Blacksmith |
| 19:01 | Queue | Villager (Male) |
| 19:05 | Build | House |
| 19:11 | Queue | Villager (Male) |
| 19:13 | Build | Farm |
| 19:15 | Build | Farm |
| 19:20 | Queue | Villager (Male) |
| 19:35 | Build | Palisade Wall |
| 19:39 | Build | House |
| 19:42 | Build | Palisade Wall |
| 19:44 | Queue | Villager (Male) |
| 19:47 | Build | Farm |
| 19:55 | Research | Fletching |
| 20:15 | Queue | Villager (Male) |
| 20:18 | Build | Farm |
| 20:21 | Build | Farm |
| 20:24 | Build | Farm |
| 20:27 | Build | Farm |
| 20:31 | Build | Farm |
| 20:35 | Queue | Villager (Male) |
| 20:47 | Build | Farm |
| 20:49 | Build | Farm |
| 20:52 | Build | Farm |
| 21:07 | Research | Wheelbarrow |
| 21:19 | Queue | Villager (Male) |
| 21:42 | Build | House |
| 21:49 | Queue | Villager (Male) |
| 21:49 | Queue | Villager (Male) |
| 22:00 | Build | Farm |
| 22:06 | Build | House |
| 22:08 | Build | House |
| 22:11 | Build | House |
| 22:14 | Build | House |
| 22:17 | Build | House |
| 22:21 | Build | Palisade Wall |
| 22:51 | Queue | Villager (Male) |
| 22:52 | Queue | Villager (Male) |
| 22:52 | Queue | Villager (Male) |
| 22:52 | Queue | Villager (Male) |
| 23:04 | Queue | Villager (Male) |
| 23:37 | Build | Palisade Gate |
| 23:43 | Research | Castle Age |
| 23:43 | Research | Castle Age |
| 24:37 | Build | Farm |
| 24:46 | Build | Lumber Camp |
| 25:07 | Build | Stable |
| 25:20 | Build | Mining Camp |
| 25:40 | Queue | Spearman |
| 25:40 | Queue | Spearman |
| 25:56 | Queue | Villager (Male) |
| 25:57 | Queue | Villager (Male) |
| 26:00 | Build | Farm |
| 26:02 | Build | Farm |
| 26:05 | Queue | Villager (Male) |
| 26:12 | Research | Scale Barding Armor |
| 26:13 | Research | Forging |
| 26:22 | Queue | Spearman |
| 26:32 | Age | Castle Age |
Build order — ShapeOfMyHeart
First 150 of 297 actions detected
| 0:21 | Build | Town Center |
| 2:11 | Build | House |
| 2:28 | Queue | Villager (Male) |
| 2:28 | Queue | Villager (Male) |
| 2:29 | Queue | Villager (Male) |
| 2:29 | Queue | Villager (Male) |
| 2:29 | Queue | Villager (Male) |
| 2:29 | Queue | Villager (Male) |
| 3:41 | Build | House |
| 3:57 | Build | House |
| 4:03 | Build | House |
| 4:07 | Queue | Villager (Male) |
| 4:07 | Queue | Villager (Male) |
| 4:18 | Research | Loom |
| 4:19 | Queue | Villager (Male) |
| 4:20 | Queue | Villager (Male) |
| 4:40 | Build | House |
| 4:41 | Build | House |
| 5:35 | Queue | Villager (Male) |
| 5:35 | Queue | Villager (Male) |
| 5:35 | Queue | Villager (Male) |
| 5:35 | Queue | Villager (Male) |
| 5:44 | Build | House |
| 6:06 | Queue | Villager (Male) |
| 6:06 | Queue | Villager (Male) |
| 6:56 | Queue | Villager (Male) |
| 6:56 | Queue | Villager (Male) |
| 7:12 | Queue | Villager (Male) |
| 7:12 | Queue | Villager (Male) |
| 7:12 | Queue | Villager (Male) |
| 8:01 | Queue | Villager (Male) |
| 8:19 | Queue | Villager (Male) |
| 8:59 | Queue | Villager (Male) |
| 9:21 | Queue | Villager (Male) |
| 9:33 | Build | House |
| 9:45 | Queue | Villager (Male) |
| 9:51 | Build | Mining Camp |
| 10:17 | Queue | Villager (Male) |
| 10:42 | Queue | Villager (Male) |
| 11:01 | Research | Feudal Age |
| 11:01 | Research | Feudal Age |
| 11:07 | Build | Mill |
| 11:31 | Build | Mill |
| 11:40 | Queue | Villager (Male) |
| 11:41 | Queue | Villager (Male) |
| 12:44 | Build | House |
| 12:48 | Build | Farm |
| 12:49 | Build | Farm |
| 13:17 | Age | Feudal Age |
| 13:28 | Build | Farm |
| 13:34 | Build | House |
| 14:55 | Research | Castle Age |
| 14:55 | Research | Castle Age |
| 14:55 | Research | Castle Age |
| 14:59 | Build | Stable |
| 15:05 | Queue | Villager (Male) |
| 15:05 | Queue | Villager (Male) |
| 15:13 | Queue | Villager (Male) |
| 16:18 | Build | Blacksmith |
| 16:21 | Research | Bloodlines |
| 16:21 | Research | Bloodlines |
| 16:44 | Queue | Villager (Male) |
| 16:53 | Research | Forging |
| 16:53 | Research | Forging |
| 16:58 | Research | Scale Barding Armor |
| 16:58 | Research | Scale Barding Armor |
| 16:59 | Research | Scale Barding Armor |
| 17:35 | Age | Castle Age |
| 17:39 | Queue | Knight |
| 17:40 | Queue | Knight |
| 17:58 | Build | House |
| 18:00 | Build | House |
| 18:02 | Build | House |
| 18:05 | Build | House |
| 18:07 | Queue | Villager (Male) |
| 18:18 | Queue | Knight |
| 18:36 | Queue | Knight |
| 18:44 | Queue | Villager (Male) |
| 18:47 | Queue | Knight |
| 18:58 | Queue | Villager (Male) |
| 19:01 | Build | Lumber Camp |
| 19:40 | Queue | Villager (Male) |
| 19:43 | Queue | Knight |
| 19:43 | Queue | Knight |
| 19:44 | Queue | Knight |
| 19:48 | Queue | Villager (Male) |
| 19:52 | Research | Double-Bit Axe |
| 19:52 | Research | Double-Bit Axe |
| 19:55 | Research | Horse Collar |
| 19:55 | Research | Horse Collar |
| 20:13 | Research | Wheelbarrow |
| 20:13 | Research | Wheelbarrow |
| 20:31 | Build | Farm |
| 20:34 | Build | Farm |
| 20:36 | Build | Farm |
| 20:42 | Queue | Knight |
| 20:42 | Queue | Knight |
| 20:43 | Queue | Knight |
| 21:06 | Queue | Villager (Male) |
| 21:24 | Research | Iron Casting |
| 21:24 | Research | Iron Casting |
| 21:24 | Research | Iron Casting |
| 22:04 | Queue | Knight |
| 22:04 | Queue | Knight |
| 22:07 | Queue | Villager (Male) |
| 22:25 | Research | Husbandry |
| 22:42 | Queue | Knight |
| 22:42 | Queue | Knight |
| 22:42 | Queue | Knight |
| 22:53 | Queue | Villager (Male) |
| 22:53 | Queue | Villager (Male) |
| 22:53 | Queue | Villager (Male) |
| 22:56 | Build | Farm |
| 22:57 | Build | Farm |
| 23:33 | Queue | Knight |
| 23:34 | Queue | Knight |
| 23:35 | Queue | Villager (Male) |
| 23:36 | Queue | Villager (Male) |
| 23:39 | Build | Farm |
| 24:01 | Queue | Knight |
| 24:01 | Queue | Knight |
| 24:01 | Queue | Knight |
| 24:01 | Queue | Knight |
| 24:07 | Queue | Villager (Male) |
| 24:25 | Queue | Knight |
| 24:27 | Queue | Villager (Male) |
| 24:28 | Queue | Villager (Male) |
| 24:44 | Build | Town Center |
| 24:50 | Queue | Villager (Male) |
| 25:30 | Queue | Knight |
| 25:30 | Queue | Knight |
| 25:32 | Queue | Villager (Male) |
| 25:32 | Queue | Villager (Male) |
| 25:42 | Build | Farm |
| 25:43 | Build | Farm |
| 25:45 | Build | Farm |
| 25:46 | Build | Farm |
| 25:49 | Research | Chain Barding Armor |
| 25:49 | Research | Chain Barding Armor |
| 25:59 | Queue | Knight |
| 26:10 | Queue | Villager (Male) |
| 26:41 | Queue | Knight |
| 26:41 | Queue | Knight |
| 26:43 | Queue | Villager (Male) |
| 26:47 | Queue | Villager (Male) |
| 26:47 | Queue | Villager (Male) |
| 26:48 | Build | Farm |
| 26:51 | Build | Farm |
| 26:52 | Build | Farm |
| 27:15 | Queue | Knight |
Build order — CTM | IKARO
First 150 of 315 actions detected
| 0:38 | Build | Town Center |
| 2:50 | Build | House |
| 3:02 | Queue | Villager (Male) |
| 3:02 | Queue | Villager (Male) |
| 3:03 | Queue | Villager (Male) |
| 3:03 | Queue | Villager (Male) |
| 3:12 | Build | House |
| 3:21 | Build | House |
| 3:48 | Build | House |
| 3:51 | Research | Loom |
| 3:51 | Research | Loom |
| 3:54 | Queue | Villager (Male) |
| 3:54 | Queue | Villager (Male) |
| 4:21 | Queue | Villager (Male) |
| 4:21 | Queue | Villager (Male) |
| 4:51 | Build | House |
| 4:52 | Queue | Villager (Male) |
| 4:52 | Queue | Villager (Male) |
| 5:20 | Queue | Villager (Male) |
| 5:20 | Queue | Villager (Male) |
| 5:40 | Build | Lumber Camp |
| 5:53 | Queue | Villager (Male) |
| 6:13 | Queue | Villager (Male) |
| 6:14 | Queue | Villager (Male) |
| 6:41 | Queue | Villager (Male) |
| 6:41 | Queue | Villager (Male) |
| 6:57 | Queue | Villager (Male) |
| 7:02 | Build | House |
| 7:08 | Queue | Villager (Male) |
| 7:08 | Queue | Villager (Male) |
| 7:28 | Queue | Villager (Male) |
| 7:54 | Queue | Villager (Male) |
| 8:08 | Queue | Villager (Male) |
| 8:08 | Queue | Villager (Male) |
| 8:19 | Queue | Villager (Male) |
| 8:25 | Build | Mill |
| 8:57 | Queue | Villager (Male) |
| 9:01 | Build | House |
| 9:10 | Queue | Villager (Male) |
| 9:19 | Queue | Villager (Male) |
| 9:20 | Queue | Villager (Male) |
| 9:26 | Queue | Villager (Male) |
| 9:27 | Queue | Villager (Male) |
| 9:57 | Queue | Villager (Male) |
| 9:57 | Queue | Villager (Male) |
| 9:57 | Queue | Villager (Male) |
| 10:16 | Build | Mining Camp |
| 10:45 | Build | Palisade Wall |
| 10:46 | Build | Palisade Wall |
| 10:47 | Build | Palisade Wall |
| 10:47 | Build | Palisade Wall |
| 10:48 | Queue | Villager (Male) |
| 10:49 | Queue | Villager (Male) |
| 11:04 | Build | House |
| 11:06 | Build | Palisade Wall |
| 11:07 | Build | Palisade Wall |
| 11:09 | Build | Palisade Wall |
| 11:10 | Build | Palisade Wall |
| 11:18 | Build | Palisade Wall |
| 11:36 | Queue | Villager (Male) |
| 11:54 | Build | Mining Camp |
| 12:08 | Research | Feudal Age |
| 12:09 | Research | Feudal Age |
| 12:25 | Build | Palisade Gate |
| 12:50 | Build | Palisade Wall |
| 13:00 | Build | Palisade Wall |
| 13:00 | Build | Palisade Wall |
| 13:01 | Build | Palisade Wall |
| 13:02 | Build | Palisade Wall |
| 13:03 | Build | Palisade Wall |
| 13:04 | Build | Palisade Wall |
| 13:04 | Build | Palisade Wall |
| 13:09 | Queue | Villager (Male) |
| 13:09 | Queue | Villager (Male) |
| 14:22 | Age | Feudal Age |
| 14:27 | Build | Market |
| 14:55 | Queue | Villager (Male) |
| 15:03 | Build | Blacksmith |
| 15:46 | Queue | Villager (Male) |
| 16:28 | Build | House |
| 16:30 | Build | Palisade Wall |
| 16:31 | Build | Palisade Wall |
| 16:32 | Build | House |
| 16:34 | Build | Palisade Wall |
| 16:36 | Build | Palisade Wall |
| 16:41 | Build | Palisade Wall |
| 17:38 | Research | Castle Age |
| 17:38 | Research | Castle Age |
| 18:33 | Build | Palisade Wall |
| 19:17 | Build | Farm |
| 20:04 | Build | Palisade Wall |
| 20:18 | Age | Castle Age |
| 20:48 | Queue | Villager (Male) |
| 21:06 | Queue | Villager (Male) |
| 21:26 | Build | Castle |
| 21:31 | Build | Palisade Wall |
| 21:34 | Build | House |
| 21:40 | Build | House |
| 21:43 | Queue | Villager (Male) |
| 21:47 | Build | Palisade Gate |
| 21:50 | Build | Palisade Wall |
| 22:11 | Build | Palisade Wall |
| 22:12 | Build | Palisade Wall |
| 22:48 | Build | Mining Camp |
| 23:03 | Queue | Conquistador |
| 23:04 | Queue | Conquistador |
| 23:13 | Build | Farm |
| 23:13 | Build | Farm |
| 23:13 | Build | Farm |
| 23:13 | Build | Farm |
| 23:14 | Build | Farm |
| 23:14 | Build | Farm |
| 23:14 | Build | Farm |
| 23:14 | Build | Farm |
| 23:33 | Queue | Villager (Male) |
| 23:33 | Queue | Villager (Male) |
| 23:34 | Queue | Villager (Male) |
| 23:47 | Queue | Villager (Male) |
| 23:49 | Build | Farm |
| 24:17 | Queue | Conquistador |
| 24:20 | Build | Farm |
| 24:22 | Build | Farm |
| 24:45 | Build | Farm |
| 24:47 | Queue | Villager (Male) |
| 25:04 | Queue | Villager (Male) |
| 25:15 | Queue | Villager (Male) |
| 25:52 | Queue | Villager (Male) |
| 25:53 | Queue | Villager (Male) |
| 26:16 | Queue | Villager (Male) |
| 26:16 | Queue | Villager (Male) |
| 26:23 | Queue | Conquistador |
| 26:23 | Queue | Conquistador |
| 26:30 | Queue | Villager (Male) |
| 26:30 | Queue | Villager (Male) |
| 26:33 | Build | Farm |
| 26:33 | Build | Farm |
| 26:34 | Build | Farm |
| 27:00 | Build | Farm |
| 27:01 | Queue | Villager (Male) |
| 27:01 | Queue | Villager (Male) |
| 27:01 | Queue | Villager (Male) |
| 27:05 | Build | Town Center |
| 27:19 | Queue | Conquistador |
| 27:29 | Queue | Villager (Male) |
| 27:31 | Build | Farm |
| 27:45 | Queue | Villager (Male) |
| 27:46 | Queue | Villager (Male) |
| 27:47 | Build | House |
| 28:04 | Queue | Villager (Male) |
| 28:04 | Queue | Villager (Male) |
Build order — Gericault667
First 150 of 224 actions detected
| 0:07 | Build | Town Center |
| 2:37 | Queue | Villager (Male) |
| 2:37 | Queue | Villager (Male) |
| 2:37 | Queue | Villager (Male) |
| 2:38 | Queue | Villager (Male) |
| 2:38 | Queue | Villager (Male) |
| 3:47 | Research | Loom |
| 3:49 | Queue | Villager (Male) |
| 3:49 | Queue | Villager (Male) |
| 4:32 | Queue | Villager (Male) |
| 5:06 | Build | Lumber Camp |
| 5:09 | Queue | Villager (Male) |
| 5:10 | Queue | Villager (Male) |
| 5:40 | Queue | Villager (Male) |
| 5:40 | Queue | Villager (Male) |
| 6:50 | Queue | Villager (Male) |
| 6:51 | Queue | Villager (Male) |
| 6:51 | Queue | Villager (Male) |
| 6:52 | Queue | Villager (Male) |
| 6:52 | Queue | Villager (Male) |
| 6:52 | Queue | Villager (Male) |
| 8:14 | Queue | Villager (Male) |
| 8:15 | Queue | Villager (Male) |
| 8:15 | Queue | Villager (Male) |
| 8:15 | Queue | Villager (Male) |
| 8:16 | Queue | Villager (Male) |
| 10:00 | Build | Mill |
| 10:05 | Queue | Villager (Male) |
| 10:27 | Queue | Villager (Male) |
| 10:30 | Queue | Villager (Male) |
| 10:45 | Research | Feudal Age |
| 11:46 | Build | Barracks |
| 12:02 | Queue | Villager (Male) |
| 12:02 | Queue | Villager (Male) |
| 12:44 | Queue | Villager (Male) |
| 13:11 | Age | Feudal Age |
| 13:13 | Build | Stable |
| 13:19 | Build | Blacksmith |
| 13:23 | Research | Double-Bit Axe |
| 13:23 | Research | Double-Bit Axe |
| 13:29 | Queue | Villager (Male) |
| 13:29 | Queue | Villager (Male) |
| 13:29 | Queue | Villager (Male) |
| 13:39 | Research | Wheelbarrow |
| 13:41 | Queue | Villager (Male) |
| 13:41 | Queue | Villager (Male) |
| 13:47 | Queue | Scout Cavalry |
| 13:47 | Queue | Scout Cavalry |
| 13:57 | Research | Forging |
| 13:57 | Research | Forging |
| 14:24 | Queue | Scout Cavalry |
| 14:49 | Queue | Scout Cavalry |
| 15:08 | Research | Scale Barding Armor |
| 15:21 | Build | Mill |
| 15:30 | Build | Stable |
| 15:39 | Queue | Villager (Male) |
| 15:39 | Queue | Villager (Male) |
| 16:22 | Queue | Villager (Male) |
| 16:22 | Queue | Villager (Male) |
| 16:48 | Build | Farm |
| 16:48 | Build | Farm |
| 16:49 | Build | Farm |
| 16:49 | Build | Farm |
| 16:49 | Build | Farm |
| 16:50 | Build | Farm |
| 16:50 | Build | Farm |
| 16:53 | Queue | Villager (Male) |
| 17:45 | Queue | Scout Cavalry |
| 17:45 | Queue | Scout Cavalry |
| 17:46 | Queue | Scout Cavalry |
| 17:47 | Queue | Scout Cavalry |
| 18:24 | Queue | Villager (Male) |
| 18:24 | Queue | Villager (Male) |
| 18:41 | Queue | Scout Cavalry |
| 18:41 | Queue | Scout Cavalry |
| 18:59 | Queue | Villager (Male) |
| 18:59 | Queue | Villager (Male) |
| 19:15 | Build | Mining Camp |
| 19:32 | Queue | Scout Cavalry |
| 19:32 | Queue | Scout Cavalry |
| 19:53 | Queue | Villager (Male) |
| 19:53 | Queue | Villager (Male) |
| 20:50 | Queue | Villager (Male) |
| 20:51 | Queue | Villager (Male) |
| 21:04 | Build | Farm |
| 21:09 | Build | Mill |
| 21:34 | Build | Farm |
| 21:44 | Build | Market |
| 21:50 | Build | Stable |
| 21:58 | Build | Stable |
| 22:03 | Queue | Villager (Male) |
| 22:08 | Research | Horse Collar |
| 22:13 | Research | Gold Mining |
| 22:34 | Research | Castle Age |
| 22:34 | Research | Castle Age |
| 22:47 | Build | Farm |
| 22:54 | Build | Farm |
| 22:54 | Build | Farm |
| 22:55 | Build | Farm |
| 23:14 | Build | Lumber Camp |
| 23:44 | Research | Stone Mining |
| 23:53 | Research | Bloodlines |
| 23:53 | Research | Bloodlines |
| 24:17 | Queue | Villager (Male) |
| 24:17 | Queue | Villager (Male) |
| 24:18 | Queue | Villager (Male) |
| 24:18 | Queue | Villager (Male) |
| 25:14 | Age | Castle Age |
| 25:18 | Build | Town Center |
| 25:23 | Research | Hand Cart |
| 25:40 | Build | Town Center |
| 25:42 | Research | Chain Barding Armor |
| 25:43 | Research | Chain Barding Armor |
| 26:03 | Research | Husbandry |
| 26:03 | Research | Husbandry |
| 26:05 | Queue | Knight |
| 26:05 | Queue | Knight |
| 26:32 | Queue | Knight |
| 26:33 | Queue | Knight |
| 26:38 | Queue | Villager (Male) |
| 26:38 | Queue | Villager (Male) |
| 26:38 | Queue | Villager (Male) |
| 26:39 | Research | Town Watch |
| 26:51 | Queue | Villager (Male) |
| 26:51 | Queue | Villager (Male) |
| 27:05 | Build | Farm |
| 27:08 | Build | Farm |
| 27:22 | Research | Iron Casting |
| 27:28 | Queue | Villager (Male) |
| 27:28 | Queue | Villager (Male) |
| 27:28 | Queue | Villager (Male) |
| 27:28 | Queue | Villager (Male) |
| 27:36 | Build | Farm |
| 27:36 | Build | Farm |
| 27:37 | Build | Farm |
| 27:37 | Build | Farm |
| 27:56 | Queue | Knight |
| 28:13 | Build | Farm |
| 28:25 | Build | Farm |
| 28:26 | Build | Farm |
| 28:40 | Build | Farm |
| 28:42 | Build | Farm |
| 29:24 | Research | Fletching |
| 29:25 | Queue | Villager (Male) ×5 |
| 30:18 | Build | University |
| 30:24 | Build | Archery Range |
| 30:29 | Queue | Knight |
| 30:29 | Queue | Knight |
| 30:29 | Queue | Knight |
| 31:35 | Queue | Villager (Male) ×5 |
Build order — Tamy Chan
First 150 of 253 actions detected
| 0:11 | Build | Town Center |
| 1:54 | Build | House |
| 2:27 | Queue | Villager (Male) |
| 2:27 | Queue | Villager (Male) |
| 2:28 | Queue | Villager (Male) |
| 3:05 | Queue | Villager (Male) |
| 3:27 | Build | House |
| 3:31 | Build | House |
| 4:22 | Queue | Villager (Male) |
| 4:40 | Queue | Villager (Male) |
| 5:02 | Queue | Villager (Male) |
| 5:09 | Build | House |
| 5:18 | Research | Loom |
| 5:38 | Queue | Villager (Male) |
| 5:43 | Build | House |
| 5:54 | Build | House |
| 6:15 | Queue | Villager (Male) |
| 6:15 | Queue | Villager (Male) |
| 6:21 | Queue | Villager (Male) |
| 7:56 | Queue | Villager (Male) |
| 7:57 | Queue | Villager (Male) |
| 8:37 | Build | Mill |
| 8:39 | Queue | Villager (Male) |
| 8:57 | Queue | Villager (Male) |
| 9:19 | Queue | Villager (Male) |
| 9:19 | Queue | Villager (Male) |
| 9:59 | Build | House |
| 10:32 | Queue | Villager (Male) |
| 11:08 | Queue | Villager (Male) |
| 11:08 | Queue | Villager (Male) |
| 11:12 | Build | Mining Camp |
| 11:44 | Queue | Villager (Male) |
| 11:53 | Research | Feudal Age |
| 12:18 | Build | House |
| 12:47 | Build | House |
| 12:52 | Build | House |
| 13:04 | Build | House |
| 13:11 | Build | House |
| 13:25 | Build | House |
| 13:29 | Build | House |
| 14:08 | Age | Feudal Age |
| 14:15 | Build | Barracks |
| 14:22 | Queue | Villager (Male) |
| 14:43 | Build | Blacksmith |
| 14:49 | Queue | Spearman |
| 15:10 | Queue | Villager (Male) |
| 15:21 | Queue | Spearman |
| 15:27 | Build | Mining Camp |
| 15:47 | Queue | Villager (Male) |
| 15:59 | Queue | Villager (Male) |
| 16:30 | Queue | Spearman |
| 17:27 | Queue | Villager (Male) |
| 17:34 | Build | House |
| 18:24 | Build | Stable |
| 18:31 | Queue | Villager (Male) |
| 19:04 | Research | Castle Age |
| 19:04 | Research | Castle Age |
| 19:26 | Research | Scale Mail Armor |
| 19:27 | Research | Forging |
| 19:46 | Build | House |
| 20:24 | Build | House |
| 20:56 | Build | House |
| 21:01 | Queue | Villager (Male) |
| 21:44 | Age | Castle Age |
| 22:27 | Research | Wheelbarrow |
| 22:45 | Queue | Knight |
| 22:46 | Queue | Camel Scout |
| 22:49 | Queue | Camel Scout |
| 23:01 | Build | Lumber Camp |
| 23:16 | Queue | Villager (Male) |
| 23:32 | Queue | Camel Scout |
| 23:40 | Research | Town Watch |
| 23:46 | Queue | Camel Scout |
| 23:48 | Research | Scale Barding Armor |
| 23:49 | Research | Iron Casting |
| 24:57 | Build | Town Center |
| 25:51 | Build | Town Center |
| 26:00 | Build | Market |
| 27:08 | Queue | Villager (Male) |
| 27:10 | Queue | Villager (Male) |
| 27:16 | Build | House |
| 27:21 | Queue | Villager (Male) |
| 27:26 | Build | House |
| 27:28 | Queue | Villager (Male) |
| 27:37 | Build | Mill |
| 27:38 | Queue | Villager (Male) |
| 27:44 | Queue | Villager (Male) |
| 27:47 | Research | Gold Mining |
| 28:31 | Build | Mill |
| 28:36 | Queue | Villager (Male) |
| 28:39 | Queue | Villager (Male) |
| 28:46 | Queue | Villager (Male) |
| 28:56 | Queue | Camel Scout |
| 28:59 | Research | Chain Barding Armor |
| 29:12 | Queue | Villager (Male) |
| 29:13 | Queue | Villager (Male) |
| 29:29 | Queue | Villager (Male) |
| 29:39 | Queue | Villager (Male) |
| 29:50 | Research | Horse Collar |
| 29:55 | Research | Double-Bit Axe |
| 30:06 | Queue | Villager (Male) |
| 30:07 | Queue | Villager (Male) |
| 30:14 | Queue | Camel Scout |
| 30:25 | Queue | Villager (Male) |
| 30:34 | Queue | Villager (Male) |
| 30:43 | Queue | Villager (Male) |
| 30:46 | Build | Mill |
| 30:58 | Build | Farm |
| 31:01 | Build | Farm |
| 31:03 | Build | Farm |
| 31:05 | Queue | Villager (Male) |
| 31:06 | Queue | Camel Scout |
| 31:30 | Queue | Villager (Male) |
| 31:31 | Queue | Camel Scout |
| 31:38 | Build | Farm |
| 31:41 | Queue | Villager (Male) |
| 31:42 | Queue | Villager (Male) |
| 31:51 | Queue | Villager (Male) |
| 32:03 | Queue | Camel Scout |
| 32:04 | Research | Bloodlines |
| 32:06 | Queue | Villager (Male) |
| 32:07 | Queue | Villager (Male) |
| 32:08 | Build | Farm |
| 32:09 | Build | Farm |
| 32:11 | Build | Farm |
| 32:11 | Queue | Camel Scout |
| 32:16 | Queue | Camel Scout |
| 32:34 | Queue | Camel Scout |
| 32:36 | Queue | Villager (Male) |
| 32:37 | Build | Farm |
| 32:41 | Queue | Camel Scout |
| 32:46 | Queue | Villager (Male) |
| 32:56 | Queue | Camel Scout |
| 33:02 | Build | Farm |
| 33:18 | Queue | Camel Scout |
| 33:21 | Queue | Villager (Male) |
| 33:22 | Build | Farm |
| 33:39 | Queue | Camel Scout |
| 33:53 | Queue | Camel Scout |
| 33:55 | Queue | Villager (Male) |
| 33:56 | Queue | Villager (Male) |
| 34:00 | Queue | Camel Scout |
| 34:05 | Build | House |
| 34:08 | Build | House |
| 34:09 | Build | House |
| 34:20 | Queue | Camel Scout |
| 34:42 | Queue | Camel Scout |
| 34:55 | Queue | Camel Scout |
| 35:15 | Queue | Camel Scout |
| 35:21 | Queue | Camel Scout |
Build order — CTM | KLIN
First 150 of 325 actions detected
| 1:13 | Build | Town Center |
| 2:19 | Build | House |
| 3:33 | Queue | Villager (Male) |
| 3:34 | Queue | Villager (Male) |
| 3:40 | Build | House |
| 4:01 | Queue | Villager (Male) |
| 4:41 | Queue | Villager (Male) |
| 4:59 | Build | House |
| 5:17 | Queue | Villager (Male) |
| 5:17 | Queue | Villager (Male) |
| 5:19 | Queue | Villager (Male) |
| 5:40 | Queue | Villager (Male) |
| 5:56 | Queue | Villager (Male) |
| 6:20 | Research | Loom |
| 6:22 | Queue | Villager (Male) |
| 6:50 | Queue | Villager (Male) |
| 7:25 | Build | House |
| 7:37 | Queue | Villager (Male) |
| 7:46 | Build | House |
| 7:49 | Queue | Villager (Male) |
| 8:26 | Queue | Villager (Male) |
| 8:45 | Queue | Villager (Male) |
| 9:08 | Queue | Villager (Male) |
| 9:19 | Build | Mill |
| 9:55 | Research | Feudal Age |
| 10:13 | Build | House |
| 11:22 | Queue | Villager (Male) |
| 11:50 | Queue | Villager (Male) |
| 12:05 | Age | Feudal Age |
| 12:06 | Build | Stable |
| 12:10 | Queue | Villager (Male) |
| 12:22 | Build | House |
| 12:31 | Queue | Villager (Male) |
| 12:38 | Build | House |
| 12:47 | Queue | Scout Cavalry |
| 12:48 | Queue | Scout Cavalry |
| 12:55 | Build | Blacksmith |
| 13:08 | Queue | Scout Cavalry |
| 13:12 | Queue | Villager (Male) |
| 13:23 | Queue | Villager (Male) |
| 13:25 | Queue | Scout Cavalry |
| 13:41 | Research | Forging |
| 13:51 | Build | Lumber Camp |
| 14:27 | Queue | Scout Cavalry |
| 14:51 | Queue | Scout Cavalry |
| 14:52 | Queue | Villager (Male) |
| 14:52 | Queue | Villager (Male) |
| 15:09 | Queue | Scout Cavalry |
| 15:14 | Queue | Villager (Male) |
| 15:17 | Research | Double-Bit Axe |
| 15:20 | Queue | Villager (Male) |
| 15:50 | Build | House |
| 15:51 | Build | House |
| 16:27 | Queue | Villager (Male) |
| 17:01 | Queue | Scout Cavalry |
| 17:04 | Queue | Villager (Male) |
| 17:06 | Build | Farm |
| 17:07 | Build | Farm |
| 17:08 | Build | Farm |
| 17:10 | Build | Farm |
| 17:11 | Build | Farm |
| 17:16 | Queue | Villager (Male) |
| 17:25 | Queue | Scout Cavalry |
| 17:34 | Build | Mill |
| 17:38 | Build | House |
| 17:47 | Queue | Scout Cavalry |
| 17:51 | Queue | Villager (Male) |
| 18:11 | Queue | Scout Cavalry |
| 18:35 | Build | Mining Camp |
| 18:37 | Build | Farm |
| 18:39 | Queue | Villager (Male) |
| 18:44 | Queue | Villager (Male) |
| 18:49 | Build | Farm |
| 19:17 | Queue | Villager (Male) |
| 19:20 | Build | Farm |
| 19:31 | Build | House |
| 19:33 | Build | House |
| 20:00 | Queue | Villager (Male) |
| 20:12 | Queue | Scout Cavalry |
| 20:13 | Queue | Scout Cavalry |
| 20:17 | Build | Palisade Wall |
| 20:18 | Build | Palisade Wall |
| 20:19 | Build | Palisade Wall |
| 20:21 | Build | Palisade Wall |
| 20:22 | Build | Palisade Wall |
| 20:24 | Build | Palisade Wall |
| 20:24 | Build | Palisade Wall |
| 21:15 | Queue | Scout Cavalry |
| 21:16 | Queue | Scout Cavalry |
| 21:44 | Queue | Scout Cavalry |
| 21:49 | Build | Lumber Camp |
| 22:24 | Build | House |
| 22:28 | Build | House |
| 22:37 | Research | Castle Age |
| 23:05 | Research | Horse Collar |
| 23:10 | Build | House |
| 23:11 | Build | Palisade Wall |
| 23:12 | Build | Palisade Wall |
| 23:17 | Build | Palisade Wall |
| 23:19 | Build | Palisade Gate |
| 24:37 | Queue | Villager (Male) |
| 25:17 | Age | Castle Age |
| 25:20 | Build | Town Center |
| 25:22 | Queue | Villager (Male) |
| 25:24 | Build | Town Center |
| 25:27 | Research | Bow Saw |
| 25:35 | Queue | Villager (Male) |
| 25:40 | Build | Farm |
| 25:41 | Queue | Villager (Male) |
| 25:49 | Research | Husbandry |
| 25:52 | Research | Light Cavalry (upgrade) |
| 25:55 | Queue | Villager (Male) |
| 25:58 | Build | Farm |
| 26:13 | Build | Farm |
| 26:17 | Build | Farm |
| 26:25 | Build | Farm |
| 26:27 | Build | Farm |
| 26:30 | Queue | Villager (Male) |
| 27:15 | Queue | Villager (Male) |
| 27:15 | Queue | Villager (Male) |
| 27:26 | Build | Farm |
| 27:27 | Build | Farm |
| 27:29 | Build | Farm |
| 27:31 | Build | Farm |
| 27:34 | Build | Farm |
| 27:36 | Queue | Villager (Male) |
| 27:36 | Queue | Villager (Male) |
| 27:39 | Queue | Villager (Male) |
| 27:47 | Build | Mining Camp |
| 27:50 | Queue | Villager (Male) |
| 27:51 | Queue | Villager (Male) |
| 28:10 | Research | Bloodlines |
| 28:11 | Queue | Villager (Male) |
| 28:12 | Queue | Villager (Male) |
| 28:18 | Queue | Villager (Male) |
| 28:18 | Queue | Villager (Male) |
| 28:30 | Queue | Knight |
| 28:36 | Queue | Villager (Male) |
| 28:44 | Build | Farm |
| 28:45 | Build | Farm |
| 28:45 | Build | Farm |
| 28:45 | Build | Farm |
| 28:45 | Build | Farm |
| 28:46 | Build | Farm |
| 28:46 | Build | Farm |
| 28:51 | Build | House |
| 28:52 | Build | House |
| 28:53 | Build | House |
| 29:51 | Queue | Scout Cavalry |
| 29:51 | Queue | Scout Cavalry |
Build order — Bet0
First 150 of 215 actions detected
| 0:26 | Build | Town Center |
| 2:37 | Build | House |
| 3:16 | Queue | Villager (Male) |
| 3:16 | Queue | Villager (Male) |
| 3:45 | Queue | Villager (Male) |
| 4:17 | Queue | Villager (Male) |
| 4:40 | Queue | Villager (Male) |
| 4:41 | Queue | Villager (Male) |
| 5:07 | Queue | Villager (Male) |
| 5:07 | Queue | Villager (Male) |
| 5:07 | Queue | Villager (Male) |
| 5:15 | Build | House |
| 5:16 | Build | Lumber Camp |
| 5:46 | Queue | Villager (Male) |
| 5:47 | Queue | Villager (Male) |
| 6:10 | Queue | Villager (Male) |
| 6:11 | Queue | Villager (Male) |
| 6:11 | Queue | Villager (Male) |
| 6:32 | Queue | Villager (Male) |
| 6:33 | Queue | Villager (Male) |
| 7:09 | Build | House |
| 7:18 | Queue | Villager (Male) |
| 7:21 | Queue | Villager (Male) |
| 7:24 | Build | House |
| 7:33 | Queue | Villager (Male) |
| 7:37 | Build | House |
| 8:12 | Queue | Villager (Male) |
| 8:34 | Build | Mining Camp |
| 8:37 | Build | Mining Camp |
| 8:48 | Queue | Villager (Male) |
| 9:18 | Research | Feudal Age |
| 9:38 | Queue | Villager (Male) |
| 9:51 | Queue | Villager (Male) |
| 9:59 | Build | House |
| 10:12 | Queue | Villager (Male) |
| 10:35 | Build | Barracks |
| 10:39 | Queue | Villager (Male) |
| 11:14 | Queue | Villager (Male) |
| 11:28 | Age | Feudal Age |
| 11:30 | Build | Archery Range |
| 11:30 | Queue | Villager (Male) |
| 11:41 | Queue | Villager (Male) |
| 11:55 | Build | Archery Range |
| 11:59 | Queue | Villager (Male) |
| 12:01 | Queue | Archer |
| 12:04 | Queue | Villager (Male) |
| 12:15 | Queue | Archer |
| 12:15 | Queue | Archer |
| 12:23 | Queue | Villager (Male) |
| 12:28 | Queue | Archer |
| 12:28 | Queue | Archer |
| 12:36 | Build | House |
| 12:38 | Queue | Villager (Male) |
| 12:45 | Queue | Archer |
| 12:45 | Queue | Archer |
| 12:50 | Queue | Archer |
| 12:50 | Queue | Archer |
| 13:20 | Queue | Archer |
| 13:45 | Queue | Villager (Male) |
| 14:00 | Queue | Villager (Male) |
| 14:04 | Build | Blacksmith |
| 14:06 | Queue | Villager (Male) |
| 14:12 | Research | Double-Bit Axe |
| 14:37 | Research | Loom |
| 14:47 | Queue | Villager (Male) |
| 14:59 | Queue | Archer |
| 15:00 | Queue | Archer |
| 15:03 | Build | Watch Tower |
| 15:17 | Build | House |
| 15:18 | Build | House |
| 15:22 | Research | Fletching |
| 15:24 | Build | House |
| 15:26 | Build | House |
| 15:35 | Queue | Archer |
| 16:19 | Build | House |
| 16:23 | Queue | Archer |
| 16:34 | Queue | Archer |
| 16:34 | Queue | Archer |
| 16:38 | Queue | Archer |
| 16:59 | Queue | Villager (Male) |
| 17:33 | Queue | Villager (Male) |
| 17:47 | Build | Mill |
| 18:13 | Queue | Villager (Male) |
| 18:34 | Queue | Villager (Male) |
| 18:51 | Build | Farm |
| 18:53 | Build | Farm |
| 18:53 | Build | Farm |
| 18:53 | Build | Farm |
| 18:54 | Build | Farm |
| 18:55 | Queue | Villager (Male) |
| 18:55 | Queue | Villager (Male) |
| 19:21 | Queue | Villager (Male) |
| 19:31 | Build | Stable |
| 19:34 | Build | Palisade Gate |
| 19:38 | Queue | Villager (Male) |
| 19:41 | Build | Farm |
| 19:44 | Queue | Villager (Male) |
| 19:49 | Build | Farm |
| 19:50 | Build | Farm |
| 19:54 | Build | Farm |
| 19:55 | Queue | Villager (Male) |
| 20:08 | Queue | Villager (Male) |
| 20:13 | Queue | Villager (Male) |
| 20:20 | Build | Market |
| 20:24 | Queue | Villager (Male) |
| 20:34 | Queue | Villager (Male) |
| 20:55 | Queue | Villager (Male) |
| 21:31 | Research | Castle Age |
| 21:34 | Build | Stable |
| 22:09 | Build | Stable |
| 22:23 | Research | Scale Barding Armor |
| 22:39 | Queue | Villager (Male) |
| 22:53 | Queue | Villager (Male) |
| 23:02 | Build | Farm |
| 23:04 | Build | Farm |
| 23:09 | Queue | Villager (Male) |
| 23:13 | Research | Forging |
| 23:14 | Queue | Villager (Male) |
| 23:28 | Queue | Villager (Male) |
| 24:06 | Queue | Villager (Male) |
| 24:11 | Age | Castle Age |
| 24:14 | Queue | Knight |
| 24:14 | Queue | Knight |
| 24:15 | Queue | Knight |
| 24:16 | Queue | Knight |
| 24:16 | Queue | Knight |
| 24:18 | Queue | Knight |
| 24:19 | Queue | Knight |
| 24:20 | Queue | Villager (Male) |
| 24:27 | Queue | Villager (Male) |
| 24:47 | Queue | Knight |
| 24:47 | Queue | Knight |
| 24:56 | Queue | Villager (Male) |
| 25:06 | Build | Siege Workshop |
| 25:37 | Queue | Villager (Male) |
| 25:41 | Queue | Villager (Male) |
| 26:03 | Queue | Villager (Male) |
| 26:04 | Queue | Villager (Male) |
| 26:11 | Queue | Iron Pagoda |
| 26:26 | Queue | Villager (Male) |
| 26:33 | Queue | Villager (Male) |
| 26:37 | Queue | Villager (Male) |
| 26:38 | Queue | Iron Pagoda |
| 26:45 | Queue | Knight |
| 27:03 | Queue | Villager (Male) |
| 27:13 | Queue | Villager (Male) |
| 27:33 | Queue | Iron Pagoda |
| 27:37 | Queue | Villager (Male) |
| 27:46 | Queue | Villager (Male) |
| 27:53 | Queue | Iron Pagoda |
Build order — CTM | Lelouch jugando borracho
First 150 of 329 actions detected
| 0:33 | Build | Town Center |
| 0:38 | Build | Town Center |
| 1:06 | Build | House |
| 1:44 | Build | House |
| 2:03 | Build | House |
| 2:18 | Build | House |
| 2:30 | Build | House |
| 2:45 | Build | House |
| 2:56 | Research | Loom |
| 2:56 | Research | Loom |
| 2:58 | Build | House |
| 3:14 | Build | House |
| 3:22 | Queue | Villager (Male) |
| 3:28 | Build | House |
| 3:44 | Build | House |
| 3:57 | Build | House |
| 4:07 | Queue | Villager (Male) |
| 4:08 | Queue | Villager (Male) |
| 4:14 | Build | Palisade Wall |
| 4:16 | Queue | Villager (Male) |
| 4:16 | Queue | Villager (Male) |
| 4:16 | Queue | Villager (Male) |
| 4:21 | Build | Palisade Wall |
| 4:26 | Build | House |
| 4:42 | Build | House |
| 4:50 | Build | House |
| 4:59 | Queue | Villager (Male) |
| 5:00 | Queue | Villager (Male) |
| 5:00 | Queue | Villager (Male) |
| 5:03 | Build | House |
| 5:16 | Queue | Villager (Male) |
| 5:21 | Build | House |
| 5:37 | Build | House |
| 5:44 | Queue | Villager (Male) |
| 5:44 | Queue | Villager (Male) |
| 5:51 | Build | House |
| 5:57 | Build | Lumber Camp |
| 6:07 | Queue | Villager (Male) |
| 6:07 | Queue | Villager (Male) |
| 6:27 | Build | House |
| 6:46 | Queue | Villager (Male) |
| 7:04 | Queue | Villager (Male) |
| 7:04 | Queue | Villager (Male) |
| 7:19 | Queue | Villager (Male) |
| 8:31 | Queue | Villager (Male) |
| 8:51 | Queue | Villager (Male) |
| 8:51 | Queue | Villager (Male) |
| 9:01 | Build | Mill |
| 9:13 | Build | House |
| 9:50 | Queue | Villager (Male) |
| 10:13 | Queue | Villager (Male) |
| 10:20 | Build | Mining Camp |
| 10:41 | Research | Feudal Age |
| 10:42 | Research | Feudal Age |
| 12:14 | Build | Palisade Wall |
| 12:27 | Build | Palisade Wall |
| 12:31 | Queue | Villager (Male) |
| 13:07 | Age | Feudal Age |
| 13:10 | Queue | Villager (Male) |
| 13:12 | Build | Market |
| 13:37 | Build | Blacksmith |
| 13:42 | Build | Palisade Wall |
| 14:12 | Build | Palisade Wall |
| 14:21 | Research | Castle Age |
| 14:21 | Research | Castle Age |
| 14:46 | Build | Palisade Gate |
| 14:48 | Build | House |
| 15:50 | Research | Double-Bit Axe |
| 15:50 | Research | Double-Bit Axe |
| 16:08 | Build | Palisade Wall |
| 16:29 | Queue | Villager (Male) |
| 16:56 | Build | Palisade Wall |
| 17:01 | Age | Castle Age |
| 17:05 | Build | Town Center |
| 17:14 | Build | Palisade Wall |
| 17:58 | Queue | Villager (Male) |
| 18:22 | Queue | Villager (Male) |
| 18:23 | Queue | Villager (Male) |
| 18:23 | Queue | Villager (Male) |
| 18:24 | Queue | Villager (Male) |
| 18:24 | Queue | Villager (Male) |
| 18:56 | Build | Siege Workshop |
| 19:35 | Queue | Villager (Male) |
| 20:17 | Build | Lumber Camp |
| 20:18 | Queue | Villager (Male) |
| 20:18 | Queue | Villager (Male) |
| 20:35 | Queue | Iron Pagoda |
| 20:35 | Queue | Iron Pagoda |
| 20:54 | Build | Palisade Wall |
| 20:56 | Build | Palisade Wall |
| 21:06 | Build | Farm |
| 21:12 | Build | Farm |
| 21:39 | Queue | Iron Pagoda |
| 21:39 | Queue | Iron Pagoda |
| 21:48 | Build | Farm |
| 21:59 | Queue | Villager (Male) |
| 22:07 | Queue | Villager (Male) |
| 22:07 | Queue | Villager (Male) |
| 22:07 | Queue | Villager (Male) |
| 22:08 | Queue | Villager (Male) |
| 22:09 | Build | Farm |
| 22:10 | Build | Farm |
| 22:10 | Build | Farm |
| 22:10 | Build | Farm |
| 22:11 | Build | Farm |
| 22:11 | Build | Farm |
| 22:11 | Build | Farm |
| 22:31 | Queue | Iron Pagoda |
| 22:33 | Queue | Villager (Male) |
| 22:33 | Queue | Villager (Male) |
| 22:42 | Build | Barracks |
| 22:54 | Build | Farm |
| 23:10 | Build | Mill |
| 23:29 | Build | Farm |
| 23:29 | Queue | Villager (Male) |
| 23:31 | Queue | Fire Lancer |
| 23:31 | Queue | Fire Lancer |
| 23:34 | Queue | Villager (Male) |
| 23:34 | Queue | Villager (Male) |
| 23:52 | Queue | Fire Lancer |
| 23:52 | Queue | Fire Lancer |
| 23:58 | Queue | Villager (Male) |
| 23:58 | Queue | Villager (Male) |
| 24:00 | Build | Outpost |
| 24:18 | Queue | Villager (Male) |
| 24:19 | Queue | Fire Lancer |
| 24:26 | Build | House |
| 24:32 | Queue | Villager (Male) |
| 24:36 | Build | House |
| 24:37 | Build | House |
| 25:05 | Queue | Fire Lancer ×2 |
| 25:05 | Queue | Villager (Male) |
| 25:05 | Queue | Villager (Male) |
| 25:05 | Queue | Villager (Male) |
| 25:10 | Queue | Villager (Male) |
| 25:11 | Queue | Villager (Male) |
| 25:17 | Build | Barracks |
| 25:38 | Queue | Fire Lancer ×2 |
| 25:39 | Queue | Villager (Male) |
| 25:39 | Queue | Villager (Male) |
| 25:39 | Queue | Villager (Male) |
| 25:54 | Queue | Fire Lancer ×2 |
| 25:54 | Queue | Villager (Male) |
| 25:54 | Queue | Villager (Male) |
| 26:03 | Research | Forging |
| 26:04 | Research | Forging |
| 26:17 | Queue | Villager (Male) |
| 26:17 | Queue | Villager (Male) |
| 26:20 | Build | House |
| 26:28 | Build | House |
Match timeline
| 4:14 | CTM | Lelouch jugando borracho · wall_segment Palisade Wall x1 |
| 4:21 | CTM | Lelouch jugando borracho · wall_segment Palisade Wall x1 |
| 8:48 | CTM | Crawly94 · wall_segment Palisade Wall x6 |
| 8:51 | CTM | Crawly94 · wall_segment Palisade Wall x16 |
| 10:35 | Bet0 · first_building Barracks |
| 10:45 | CTM | IKARO · wall_segment Palisade Wall x1 |
| 10:46 | CTM | IKARO · wall_segment Palisade Wall x1 |
| 10:47 | CTM | IKARO · wall_segment Palisade Wall x1 |
| 10:47 | CTM | IKARO · wall_segment Palisade Wall x1 |
| 11:06 | CTM | IKARO · wall_segment Palisade Wall x1 |
| 11:07 | CTM | IKARO · wall_segment Palisade Wall x1 |
| 11:09 | CTM | IKARO · wall_segment Palisade Wall x1 |
| 11:10 | CTM | IKARO · wall_segment Palisade Wall x1 |
| 11:18 | CTM | IKARO · wall_segment Palisade Wall x8 |
| 11:28 | Bet0 · age_up feudal |
| 11:30 | Bet0 · first_building Archery Range |
| 11:42 | CTM | Crawly94 · wall_segment Palisade Wall x4 |
| 11:46 | Gericault667 · first_building Barracks |
| 12:03 | CTM | Crawly94 · wall_segment Palisade Wall x1 |
| 12:05 | CTM | KLIN · age_up feudal |
| 12:06 | CTM | KLIN · first_building Stable |
| 12:14 | CTM | Lelouch jugando borracho · wall_segment Palisade Wall x4 |
| 12:25 | CTM | Crawly94 · wall_segment Palisade Wall x17 |
| 12:27 | CTM | Lelouch jugando borracho · wall_segment Palisade Wall x10 |
| 12:50 | CTM | IKARO · wall_segment Palisade Wall x1 |
| 12:55 | CTM | Crawly94 · wall_segment Palisade Wall x6 |
| 13:00 | CTM | IKARO · wall_segment Palisade Wall x1 |
| 13:00 | CTM | IKARO · wall_segment Palisade Wall x1 |
| 13:01 | CTM | IKARO · wall_segment Palisade Wall x1 |
| 13:02 | CTM | IKARO · wall_segment Palisade Wall x1 |
| 13:03 | CTM | IKARO · wall_segment Palisade Wall x1 |
| 13:04 | CTM | IKARO · wall_segment Palisade Wall x1 |
| 13:04 | CTM | IKARO · wall_segment Palisade Wall x1 |
| 13:07 | CTM | Lelouch jugando borracho · age_up feudal |
| 13:11 | Gericault667 · age_up feudal |
| 13:13 | Gericault667 · first_building Stable |
| 13:17 | ShapeOfMyHeart · age_up feudal |
| 13:29 | CTM | Crawly94 · age_up feudal |
| 13:42 | CTM | Lelouch jugando borracho · wall_segment Palisade Wall x1 |
| 14:08 | Tamy Chan · age_up feudal |
| 14:12 | CTM | Lelouch jugando borracho · wall_segment Palisade Wall x14 |
| 14:15 | Tamy Chan · first_building Barracks |
| 14:22 | CTM | IKARO · age_up feudal |
| 14:59 | ShapeOfMyHeart · first_building Stable |
| 15:23 | CTM | Crawly94 · wall_segment Palisade Wall x1 |
| 15:27 | CTM | Crawly94 · wall_segment Palisade Wall x1 |
| 15:43 | CTM | IKARO · first_market_sell 100 stone |
| 15:44 | CTM | IKARO · first_market_buy 100 food |
| 16:08 | CTM | Lelouch jugando borracho · wall_segment Palisade Wall x6 |
| 16:13 | CTM | Crawly94 · wall_segment Palisade Wall x4 |
| 16:30 | CTM | IKARO · wall_segment Palisade Wall x1 |
| 16:31 | CTM | IKARO · wall_segment Palisade Wall x1 |
| 16:34 | CTM | IKARO · wall_segment Palisade Wall x1 |
| 16:36 | CTM | IKARO · wall_segment Palisade Wall x1 |
| 16:41 | CTM | IKARO · wall_segment Palisade Wall x1 |
| 16:56 | CTM | Lelouch jugando borracho · wall_segment Palisade Wall x6 |
| 17:01 | CTM | Lelouch jugando borracho · age_up castle |
| 17:01 | CTM | Lelouch jugando borracho · first_market_buy 100 wood |
| 17:14 | CTM | Crawly94 · first_building Barracks |
| 17:14 | CTM | Lelouch jugando borracho · wall_segment Palisade Wall x1 |
| 17:35 | ShapeOfMyHeart · age_up castle |
| 18:05 | CTM | Lelouch jugando borracho · first_market_sell 100 stone |
| 18:17 | CTM | Crawly94 · first_building Stable |
| 18:24 | Tamy Chan · first_building Stable |
| 18:33 | CTM | IKARO · wall_segment Palisade Wall x1 |
| 18:56 | CTM | Lelouch jugando borracho · first_building Siege Workshop |
| 19:31 | Bet0 · first_building Stable |
| 19:35 | CTM | Crawly94 · wall_segment Palisade Wall x2 |
| 19:42 | CTM | Crawly94 · wall_segment Palisade Wall x1 |
| 20:04 | CTM | IKARO · wall_segment Palisade Wall x1 |
| 20:17 | CTM | KLIN · wall_segment Palisade Wall x1 |
| 20:18 | CTM | IKARO · age_up castle |
| 20:18 | CTM | KLIN · wall_segment Palisade Wall x1 |
| 20:19 | CTM | KLIN · wall_segment Palisade Wall x1 |
| 20:21 | CTM | KLIN · wall_segment Palisade Wall x1 |
| 20:22 | CTM | KLIN · wall_segment Palisade Wall x1 |
| 20:24 | CTM | KLIN · wall_segment Palisade Wall x1 |
| 20:24 | CTM | KLIN · wall_segment Palisade Wall x1 |
| 20:54 | CTM | Lelouch jugando borracho · wall_segment Palisade Wall x1 |
| 20:56 | CTM | Lelouch jugando borracho · wall_segment Palisade Wall x1 |
| 21:26 | CTM | IKARO · first_building Castle |
| 21:28 | Bet0 · first_market_buy 100 food |
| 21:31 | CTM | IKARO · wall_segment Palisade Wall x1 |
| 21:44 | Tamy Chan · age_up castle |
| 21:50 | CTM | IKARO · wall_segment Palisade Wall x1 |
| 22:11 | CTM | IKARO · wall_segment Palisade Wall x1 |
| 22:12 | CTM | IKARO · wall_segment Palisade Wall x1 |
| 22:21 | CTM | Crawly94 · wall_segment Palisade Wall x1 |
| 22:42 | CTM | Lelouch jugando borracho · first_building Barracks |
| 23:11 | CTM | KLIN · wall_segment Palisade Wall x1 |
| 23:12 | CTM | KLIN · wall_segment Palisade Wall x1 |
| 23:14 | CTM | Crawly94 · first_market_buy 100 food |
| 23:14 | CTM | Crawly94 · first_market_sell 100 wood |
| 23:17 | CTM | KLIN · wall_segment Palisade Wall x5 |
| 24:11 | Bet0 · age_up castle |
| 25:06 | Bet0 · first_building Siege Workshop |
| 25:14 | Gericault667 · age_up castle |
| 25:17 | CTM | KLIN · age_up castle |
| 26:32 | CTM | Crawly94 · age_up castle |
| 26:40 | Tamy Chan · first_market_buy 100 food |
| 27:15 | Gericault667 · first_market_sell 100 food |
| 27:31 | CTM | Lelouch jugando borracho · wall_segment Palisade Wall x1 |
| 28:59 | ShapeOfMyHeart · first_building Siege Workshop |
| 29:28 | ShapeOfMyHeart · wall_segment Palisade Wall x1 |
| 29:34 | ShapeOfMyHeart · wall_segment Palisade Wall x1 |
| 30:24 | Gericault667 · first_building Archery Range |
| 31:08 | Bet0 · first_market_sell 100 food |
| 31:32 | CTM | Crawly94 · wall_segment Palisade Wall x1 |
| 31:34 | CTM | Crawly94 · wall_segment Palisade Wall x1 |
| 32:33 | CTM | KLIN · wall_segment Palisade Wall x1 |
| 32:35 | CTM | KLIN · wall_segment Palisade Wall x1 |
| 35:35 | CTM | Crawly94 · first_building Castle |
| 35:36 | CTM | KLIN · first_building Castle |
| 36:11 | CTM | IKARO · first_building Siege Workshop |
| 36:36 | CTM | Crawly94 · first_building Siege Workshop |
| 38:09 | Bet0 · first_building Castle |
| 38:13 | Tamy Chan · first_market_sell 100 food |
| 38:37 | Tamy Chan · first_building Monastery |
| 40:47 | Bet0 · resign |
[ AI ANALYSIS · 1 CREDIT ]
What really happened in this match?
Wolo.gg analyzes every decision: build order, eco, micro, common mistakes by bracket. Personalized analysis on WhatsApp or Discord in 30 seconds.
Civ guide
Cumans
Perfil
Jugador #20107364